 Dungeon Crawl Stone Soup version 0.30-b1-2-g02819fbbbe (webtiles) character file.

Game seed: 2171067961033333940

452 Lolow the Chopper (level 7, -7/54 HPs)
             Began as a Human Cinder Acolyte on May 18, 2023.
             Was an Initiate of Ignis.
             Killed by nerve-wracking pain
             ... invoked by an orc priest
              (14 damage)
             ... on level 4 of the Dungeon.
             The game lasted 00:27:33 (4331 turns).

Lolow the Chopper (Human Cinder Acolyte)            Turns: 4331, Time: 00:27:34

Health: -7/54      AC:  3    Str: 16    XL:     7   Next: 26%
Magic:  4/8        EV: 12    Int: 14    God:    Ignis [......]
Gold:   186        SH:  5    Dex:  9    Spells: 6/8 levels left

rFire   + . .        a - +0 hand axe (flame)
rCold   . . .        (no shield)
rNeg    . . .        b - +0 robe
rPois   .            c - +0 helmet
rElec   .            (no cloak)
rCorr   .            (no gloves)
SInv    .            (no boots)
Will    .....        d - amulet of reflection
Stlth   ++           (no ring)
HPRegen 0.29/turn    (no ring)
MPRegen 0.11/turn

%: reflection
@: hasted, very quick
A: no striking features
a: Renounce Religion


You were on level 4 of the Dungeon.
You worshipped Ignis.
Ignis was noncommittal.
You visited 1 branch of the dungeon, and saw 4 of its levels.

You collected 186 gold pieces.

Inventory:

Hand Weapons
 a - a +0 hand axe of flaming (weapon)
 l - a +4 short sword
Missiles
 o - 5 atropa-tipped darts (quivered)
Armour
 b - a +0 robe (worn)
 c - a +0 helmet (worn)
Jewellery
 d - an amulet of reflection (around neck)
 h - an amulet of reflection
Scrolls
 e - a scroll of teleportation
 g - a scroll of enchant weapon
 q - a scroll of noise
 r - a scroll of magic mapping
Potions
 f - a potion of magic
 i - a potion of haste
 j - a potion of flight {unknown}
 m - a potion of curing


   Skills:
 + Level 4.1 Fighting
 + Level 5.0 Axes
 + Level 1.1 Throwing
 + Level 2.5 Dodging
 + Level 2.7 Stealth
 + Level 0.8 Shields
 + Level 1.1 Spellcasting
 + Level 3.6 Fire Magic


You had 6 spell levels left.
You knew the following spells:

 Your Spells              Type           Power      Damage    Failure   Level
a - Scorch                Fire           22%        2d5       9%          2

Your spell library contained the following spells:

 Spells                   Type           Power      Damage    Failure   Level
 Sublimation of Blood     Necr           0%         N/A       36%         2
 Wereblood                Tmut           0%         N/A       36%         2
 Ignite Poison            Fire/Tmut/Pois 4%         N/A       43%         3
 Call Canine Familiar     Summ           0%         N/A       61%         3
 Portal Projectile        Hex/Tloc       0%         N/A       61%         3
 Sticky Flame             Conj/Fire      5%         2d3       77%         4
 Leda's Liquefaction      Hex/Erth       0%         N/A       95%         4
 Summon Hydra             Summ           0%         N/A       100%        7
 Ignition                 Fire           5%         3d4       100%        8


Dungeon Overview and Level Annotations

Branches:
Dungeon (4/15)
 Temple: D:4-7

Altars:
Gozag
Ru
Sif Muna

Annotations:
D:4 Menkaure


Message History

You hit the orc priest but do no damage.
The orc priest is almost dead.
The orc priest closely misses you.
The gnoll hits you from afar with a +0 spear!
You closely miss the orc priest.
The orc priest is severely wounded.
You block the orc priest's attack.
The gnoll hits you from afar with a +0 spear.
You closely miss the orc priest.
The orc priest is severely wounded.
The orc priest calls down the wrath of Beogh upon you.
Pain shoots through your body! The gnoll hits you but does no damage.
You barely miss the orc priest.
The orc priest is severely wounded.
You block the gnoll's attack.
The orc priest calls down the wrath of Beogh upon you.
Beogh smites you!
* * * LOW HITPOINT WARNING * * *
You hit the orc priest but do no damage.
The orc priest is severely wounded.
The gnoll closely misses you. The orc priest barely misses you.
You hit the orc priest but do no damage.
The orc priest is severely wounded.
The orc priest hits you with a +0 whip.
* * * LOW HITPOINT WARNING * * *
The gnoll barely misses you.
You feel yourself speed up. The orc priest hits you with a +0 whip.
* * * LOW HITPOINT WARNING * * *
The gnoll hits you from afar with a +0 spear.
* * * LOW HITPOINT WARNING * * *
It was a potion of curing.
You feel better.
The gnoll hits you from afar with a +0 spear.
* * * LOW HITPOINT WARNING * * *
The orc priest invokes the aid of Beogh against you.
You struggle to resist.
You hit the orc priest. You burn the orc priest.
The orc priest is almost dead.
The orc priest calls down the wrath of Beogh upon you.
Pain shoots through your body!
You die...

#.............##.......
#####..#########...#....
##..## #...#.... ##..#
#...#.... ##.# ##.##
#(..######..
#.#.........
...#.@#####.
###...)og.....
#.#.).......
#.#.......#.
###......... #.##....#.
#.. .>.... ## ##....


You could see an orc priest and a gnoll.

Vanquished Creatures
  A jelly (D:4)
  3 orc priests (D:3)
  A hound (D:4)
  Jessica (D:3)
  2 orc wizards
  6 adders
  2 gnolls
  3 river rats (D:3)
  5 worms (D:3)
  3 dart slugs (D:2)
  24 orcs
  9 endoplasms
  3 giant cockroaches
  3 hobgoblins
  5 kobolds
  2 quokkas
  2 ball pythons (D:2)
  4 bats
  12 frilled lizards
  3 goblins
  5 rats
99 creatures vanquished.

Vanquished Creatures (collateral kills)
  2 foxfires (D:3)
2 creatures vanquished.

Vanquished Creatures (others)
  25 foxfires (D:3)
  4 plants (D:3)
29 creatures vanquished.

Grand Total: 130 creatures vanquished

Notes
Turn   | Place    | Note
-------+----------+-------------------------------------------
     0 | D:1      | Lolow the Human Cinder Acolyte began the quest for the Orb.
     0 | D:1      | Reached XP level 1. HP: 18/18 MP: 2/2
   223 | D:1      | Reached XP level 2. HP: 24/24 MP: 3/3
   615 | D:2      | Reached XP level 3. HP: 25/29 MP: 4/4
   675 | D:2      | Reached skill level 1 in Stealth
  1084 | D:2      | Reached XP level 4. HP: 35/35 MP: 5/5
  1130 | D:2      | Found a shimmering blue altar of Sif Muna.
  1398 | D:2      | Identified a scroll of acquirement
  1398 | D:2      | Acquired an amulet of reflection
  1663 | D:3      | Found a sacrificial altar of Ru.
  1691 | D:3      | Found an opulent altar of Gozag.
  1695 | D:3      | Noticed Jessica
  1697 | D:3      | Killed Jessica
  1737 | D:3      | Reached XP level 5. HP: 41/41 MP: 6/6
  1873 | D:3      | Reached skill level 4 in Axes
  1880 | D:3      | Reached skill level 1 in Dodging
  2019 | D:3      | Reached XP level 6. HP: 40/48 MP: 7/7
  2239 | D:4      | Noticed Menkaure
  3052 | D:3      | Learned a level 2 spell: Scorch
  3407 | D:4      | Reached skill level 1 in Throwing
  3663 | D:4      | Reached XP level 7. HP: 51/54 MP: 8/8
  4184 | D:4      | Reached skill level 5 in Axes
  4331 | D:4      | Killed from afar by an orc priest

Illustrated notes

Levels and vault maps discovered:
D:1:      dpeg_arrival_shelter, layout_basic
D:2:      layout_basic, basic_altar
D:3:      layout_basic, old_standard_altar, mainiacjoe_overflow_paths,
          lightli_sewer_entry_pipes, minmay_lizard_king, uniq_jessica
D:4:      layout_basic, uniq_crazy_yiuf_cottage, uniq_blork_the_orc,
          uniq_menkaure

Skill      XL: |  1  2  3  4  5  6  7 |
---------------+----------------------+-----
Stealth        | 1 2 |  2.7
Axes           | 4 5 |  5.0
Dodging        | 1 2 |  2.5
Throwing       | 1 |  1.1
Fighting       | 4 |  4.1
Shields        | |  0.8
Spellcasting   | |  1.1
Fire Magic     | |  3.6

Action                     |  1- 3 |  4- 6 |  7- 9 || total
---------------------------+-------+-------+-------++-------
  Melee: Hand axe          |    48 |   179 |    80 ||   307
         Punch             |       |       |     1 ||     1
  Throw: Dart              |       |    31 |       ||    31
   Cast: Scorch            |       |       |     7 ||     7
 Invoke: Fiery Armour      |     4 |     3 |       ||     7
         Foxfire Swarm     |       |     3 |       ||     3
         Rising Flame      |       |     1 |       ||     1
    Use: Scroll            |     5 |     9 |     1 ||    15
         Potion            |       |     3 |     3 ||     6
   Stab: Sleeping          |     1 |     5 |       ||     6
         Invisible         |       |     2 |       ||     2
 Armour: Robe              |    14 |    26 |     5 ||    45
  Dodge: Dodged            |    25 |    82 |    41 ||   148
  Block: Other             |       |    25 |    21 ||    46
